 Dungeon Crawl Stone Soup version 0.23.2-1-ga50397a (webtiles) character file.

Game seed: 13820830430572500895

93 xveg the Chopper (level 4, -9/55 HPs)
             Began as a Minotaur Gladiator on May 8, 2019.
             Killed from afar by Sigmund (10 damage)
             ... with a puff of flame
             ... on level 2 of the Dungeon.
             The game lasted 00:01:29 (1284 turns).

xveg the Chopper (Minotaur Gladiator)               Turns: 1284, Time: 00:01:29

Health: -9/55      AC:  3    Str: 24    XL:     4   Next: 37%
Magic:  3/3        EV: 13    Int:  5    God:
Gold:   82         SH:  0    Dex: 12    Spells: 3/3 levels left

rFire    . . .     SeeInvis .   a - +0 war axe
rCold    . . .     Gourm    .   (no shield)
rNeg     . . .     Faith    .   b - +0 leather armour
rPois    .         Spirit   .   c - +0 hat
rElec    .         Reflect  .   (no cloak)
rCorr    .         Harm     .   (no gloves)
MR       .....                  (no boots)
Stlth    ..........             (no amulet)
HPRegen  0.18/turn              (no ring)
MPRegen  0.08/turn              (no ring)

@: berserking, flying, very quick
A: retaliatory headbutt, horns 2
a: no special abilities


You were on level 2 of the Dungeon.
You were not hungry.

You visited 1 branch of the dungeon, and saw 2 of its levels.

You collected 82 gold pieces.

Inventory:

Hand Weapons
 a - a +0 war axe (weapon)
Missiles
 d - 3 throwing nets (quivered)
 j - 40 sling bullets
 k - 6 javelins
Armour
 b - a +0 leather armour (worn)
 c - a +0 hat (worn)
Scrolls
 e - 2 scrolls of fear {unknown}
 g - 2 scrolls of identify {unknown}
 i - a scroll of enchant armour {unknown}
Potions
 l - a potion of flight
Comestibles
 f - 5 rations


   Skills:
 + Level 2.8 Fighting
 + Level 5.2 Axes
 + Level 2.2 Throwing
 + Level 1.3 Armour
 + Level 3.9 Dodging


You had 3 spell levels left.
You didn't know any spells.
Your spell library was empty.

Dungeon Overview and Level Annotations

Branches:
Dungeon (2/15)

Altars:
Vehumet
Xom

Annotations:
D:2 Sigmund


Innate Abilities, Weirdness & Mutations

You reflexively headbutt those who attack you in melee.
You have a pair of horns on your head.


Message History

You are too injured to fight recklessly!
You are too injured to fight recklessly!
You are too injured to fight recklessly!
You hit Sigmund.
Sigmund is almost dead.
Sigmund points at you and mumbles some strange words.
The magic dart hits you.
You closely miss Sigmund.
Sigmund is almost dead.
Sigmund zaps a wand.
The puff of flame hits you!
* * * LOW HITPOINT WARNING * * *
It was a potion of flight.
You feel very buoyant.
You fly up into the air.
Sigmund barely misses you.
It was a potion of berserk rage.
A red film seems to cover your vision as you go berserk!
You feel yourself moving faster!
You feel mighty!
Sigmund points at you and mumbles some strange words.
The puff of flame hits you!
You die...

_.♣##...# #...#
#^###.### #.÷.#
....#># #...#
#(#.#.# #...#
..#.#.# #...#
....#.# #...#
#...#.# #...#
#.....#
#...#########
#.#...#
#....@@......
..#...#
#..##########
###...# #...
###...######.##
.............
###.#########
#.# #.# #.#


You could see Sigmund.

Vanquished Creatures
  3 adders (D:2)
  An ooze (D:1)
  2 dart slugs (D:1)
  3 leopard geckos
  3 giant cockroaches (D:2)
  6 goblins
  4 hobgoblins
  7 jackals
  2 quokkas (D:2)
  A ball python (D:1)
  5 bats
  2 frilled lizards (D:1)
  3 kobolds
  12 rats
54 creatures vanquished.

Notes
Turn   | Place    | Note
-------+----------+-------------------------------------------
     0 | D:1      | xveg the Minotaur Gladiator began the quest for the Orb.
     0 | D:1      | Reached XP level 1. HP: 18/18 MP: 0/0
   148 | D:1      | Reached skill level 4 in Axes
   148 | D:1      | Reached XP level 2. HP: 19/25 MP: 1/1
   322 | D:1      | Reached XP level 3. HP: 26/30 MP: 2/2
   823 | D:2      | Reached skill level 1 in Armour
   954 | D:2      | Reached XP level 4. HP: 36/37 MP: 3/3
  1032 | D:2      | Found a shimmering altar of Xom.
  1033 | D:2      | Found a shimmering altar of Xom.
  1033 | D:2      | Found a shimmering altar of Xom.
  1034 | D:2      | Found a shimmering altar of Xom.
  1035 | D:2      | Found a shimmering altar of Xom.
  1036 | D:2      | Found a shimmering altar of Xom.
  1043 | D:2      | Found a shimmering altar of Xom.
  1045 | D:2      | Found a shimmering altar of Xom.
  1074 | D:2      | Reached skill level 5 in Axes
  1178 | D:2      | Found a radiant altar of Vehumet.
  1269 | D:2      | Noticed Sigmund
  1282 | D:2      | HP: 1/37 [Sigmund/wand of flame (9) (12)]
  1284 | D:2      | Killed from afar by Sigmund

Skill      XL: |  1  2  3  4 |
---------------+-------------+-----
Axes           | 4 5 |  5.2
Armour         | 1 |  1.3
Fighting       | |  2.8
Throwing       | |  2.2
Dodging        | |  3.9

Action                   |  1- 3 |  4- 6 || total
-------------------------+-------+-------++-------
Melee: War axe           |    74 |    25 ||    99
       Headbutt          |     7 |     5 ||    12
  Use: Potion            |       |     2 ||     2
 Stab: Sleeping          |     1 |       ||     1
  Eat: Chunk             |       |     1 ||     1
Armor: Leather armour    |    15 |     2 ||    17
Dodge: Dodged            |    49 |    15 ||    64
